 Seeded DCSS version 0.30.1-11-g7821555f0a (webtiles) character file.

Game seed: 5 (custom seed)

312 Kazon the Covered (level 6, -3/48 HPs)
             Began as a Barachi Fighter on Nov 15, 2023.
             Was an Initiate of Makhleb.
             Slain by a black bear (7 damage)
             ... on level 4 of the Dungeon.
             The game lasted 00:14:04 (2421 turns).

Kazon the Covered (Barachi Fighter)                 Turns: 2421, Time: 00:14:05

Health: -3/48      AC:  8    Str: 18    XL:     6   Next: 42%
Magic:  15/15      EV:  7    Int:  8    God:    Makhleb [......]
Gold:   178        SH: 14    Dex: 19    Spells: 5/5 levels left

rFire   . . .        e - +2 dagger (vamp)
rCold   . . .        c - +0 tower shield
rNeg    . . .        b - +0 scale mail
rPois   .            i - +0 helmet
rElec   .            (no cloak)
rCorr   .            (no gloves)
SInv    .            (no boots)
Will    .....        r - amulet of Luqogh {Harm Regen+ Stlth+}
Stlth   ++           s - ring of magical power
HPRegen 1.08/turn    y - +6 ring of dexterity
MPRegen 0.14/turn

%: harm (+30% outgoing, +20% incoming)
@: slow
A: amphibious, slowness 1, strong legs 1, +LOS
a: Hop, Renounce Religion


You were on level 4 of the Dungeon.
You worshipped Makhleb.
Makhleb was noncommittal.
You visited 2 branches of the dungeon, and saw 5 of its levels.

You collected 178 gold pieces.

Inventory:

Hand Weapons
 a - a +0 war axe
 e - a +2 vampiric dagger (weapon)
 f - a +0 hand axe of flaming
 l - a +0 long sword
Missiles
 j - 3 boomerangs
 t - 4 poisoned darts (quivered)
 B - 5 stones
Armour
 b - a +0 scale mail (worn)
 c - a +0 tower shield (worn)
 i - a +0 helmet (worn)
Jewellery
 r - the amulet of Luqogh (around neck) {Harm Regen+ Stlth+}
   (You acquired it on level 1 of the Dungeon)

   [amulet of regeneration]

   Regen:     It increases your rate of health regeneration.
   Harm:      It increases damage dealt and taken.
   Stlth:     It makes you more stealthy.
 s - a ring of magical power (left hand)
 y - a +6 ring of dexterity (right hand)
Wands
 C - a wand of paralysis (8)
Scrolls
 g - a scroll of fog {unknown}
 m - a scroll of blinking {unknown}
 n - 2 scrolls of identify {unknown}
 o - 2 scrolls of magic mapping {unknown}
 p - a scroll of summoning {unknown}
 q - a scroll of teleportation
 z - a scroll of amnesia {unknown}
 A - a scroll of torment {unknown}
Potions
 d - a potion of might
 h - a potion of resistance {unknown}
 k - 3 potions of curing {unknown}
 u - a potion of flight {unknown}
 v - a potion of berserk rage {unknown}
 w - a potion of invisibility {unknown}
 x - 2 potions of heal wounds {unknown}


   Skills:
 + Level 4.1 Fighting
 + Level 1.2(1.5) Short Blades
 + Level 1.4(1.8) Long Blades
 + Level 3.2 Axes
 * Level 2.2 Throwing
 + Level 4.6 Armour
 + Level 1.2 Dodging
 * Level 2.0 Stealth
 + Level 4.0 Shields
 * Level 1.0 Invocations
 * Level 0.1 Evocations


You had 5 spell levels left.
You didn't know any spells.
Your spell library contained the following spells:

 Spells                   Type           Power      Damage    Failure   Level
 Frozen Ramparts          Ice            0%         1d1       100%        3
 Ice Form                 Ice/Tmut       0%         N/A       100%        4
 Summon Ice Beast         Ice/Summ       0%         N/A       100%        4


Dungeon Overview and Level Annotations

Branches:
Dungeon (4/15)             Temple (1/1) D:4

Altars:
Dithmenos
Fedhas
Gozag
Hepliaklqana
Makhleb
Okawaru
Qazlal
Wu Jian
The Shining One


Innate Abilities, Weirdness & Mutations

You are amphibious.
You cover ground slowly.
You can hop short distances.
You have an extended range of vision and can be seen from far away.


Message History

The black bear claws you but does no damage.
You block the black bear's attack. The black bear bites you.
You block the black bear's attack. The black bear barely misses you.
You hit the black bear.
The black bear is almost dead.
The black bear bites you but does no damage.
The black bear claws you. You block the black bear's attack. x2
The black bear claws you.
* * * LOW HITPOINT WARNING * * *
You block the black bear's attack.
You hit the black bear but do no damage.
The black bear is almost dead.
You block the black bear's attack.
The black bear claws you but does no damage.
The black bear claws you.
* * * LOW HITPOINT WARNING * * *
The black bear bites you but does no damage.
The black bear barely misses you. You block the black bear's attack.
You hit the black bear.
You feel better.
The black bear is almost dead.
The black bear bites you.
* * * LOW HITPOINT WARNING * * *
The black bear claws you.
* * * LOW HITPOINT WARNING * * *
The black bear claws you.
* * * LOW HITPOINT WARNING * * *
You hit the black bear but do no damage.
The black bear is almost dead.
The black bear bites you but does no damage.
The black bear claws you but does no damage. x2
The black bear bites you but does no damage.
The black bear claws you.
* * * LOW HITPOINT WARNING * * *
The black bear completely misses you.
You hit the black bear.
You feel better.
The black bear is almost dead.
You block the black bear's attack.
The black bear claws you but does no damage.
The black bear claws you.
You die...

#.........#
#####.###.# #.#
#.###### #.#
#.......
#.###.######
#.....# #.###.#
########.###.#
#.@..........#
#h######.###.#
.(.......†........
###.######.#.......
#. #.#.#.##### ..
......# ## #.#.#.#
#.# #.# #.# .#


You could see a black bear (berserk).

Vanquished Creatures
  A black bear (D:4)
  A scorpion (D:4)
  An iguana (D:4)
  4 adders
  3 worms
  6 orcs
  4 bats
  8 endoplasms
  A giant cockroach (D:1)
  12 goblins
  7 hobgoblins
  11 jackals
  3 kobolds
  3 quokkas (D:4)
  6 ball pythons
  3 frilled lizards
  4 rats
78 creatures vanquished.

Notes
Turn   | Place    | Note
-------+----------+-------------------------------------------
     0 | D:1      | Kazon the Barachi Fighter began the quest for the Orb.
     0 | D:1      | Reached XP level 1. HP: 18/18 MP: 1/1
    41 | D:1      | Identified a scroll of acquirement
    41 | D:1      | Acquired the amulet of Luqogh {Harm Regen+ Stlth+}
    61 | D:1      | Reached XP level 2. HP: 25/25 MP: 2/2
   286 | D:1      | Reached XP level 3. HP: 30/30 MP: 3/3
   980 | D:2      | Reached skill level 1 in Throwing
   997 | D:2      | Reached XP level 4. HP: 37/37 MP: 4/4
  1350 | D:2      | Reached skill level 1 in Long Blades
  1490 | D:2      | Reached skill level 1 in Stealth
  1562 | D:3      | Found a blossoming altar of Fedhas.
  1589 | D:3      | Reached XP level 5. HP: 42/42 MP: 5/5
  1746 | D:3      | Found a stormy altar of Qazlal.
  1868 | D:3      | Found a faded altar of an unknown god.
  1888 | D:3      | Identified the +2 sling "Qeuhanocyt" {speed, rElec Str-3
                  | Dex+2}
  2003 | D:4      | Found a staircase to the Ecumenical Temple.
  2018 | Temple   | Entered the Ecumenical Temple
  2035 | Temple   | Became a worshipper of Makhleb the Destroyer
  2249 | D:4      | Reached skill level 1 in Dodging
  2287 | D:4      | Noticed a black bear
  2336 | D:4      | Killed a black bear
  2337 | D:4      | Reached skill level 1 in Short Blades
  2337 | D:4      | Reached skill level 1 in Invocations
  2337 | D:4      | Reached XP level 6. HP: 19/48 MP: 6/6
  2342 | D:4      | Found a hazy altar of Hepliaklqana.
  2343 | D:4      | Found a shadowy altar of Dithmenos.
  2343 | D:4      | Noticed a shadow
  2400 | D:4      | Noticed a black bear
  2420 | D:4      | HP: 2/48 [black bear (4)]
  2421 | D:4      | Slain by a black bear

Illustrated notes

Levels and vault maps discovered:
D:1:      ebering_trefoil_3fold, layout_basic, st_stairs_14, serial_bayou_ford_a
D:2:      layout_basic, hangedman_decor_growths, minmay_close_crescents
D:3:      layout_rooms, mainiacjoe_overflow_concentric_impassable,
          mainiacjoe_overflow_paths, shapermc_ecumenical_altar_acropolis,
          chequers_serial_rivers_micro_b
D:4:      layout_basic, riverfiend_overflow_shadow_ancestor,
          minmay_temple_entry_glass, uniq_sigmund
Temple:   nicolae_temple_elliptical

Skill      XL: |  1  2  3  4  5  6 |
---------------+-------------------+-----
Armour         | 4 |  4.6
Axes           | 3 |  3.2
Throwing       | 1 2 |  2.2
Fighting       | 4 |  4.1
Long Blades    | 1 |  1.4
Stealth        | 1 2 |  2.0
Dodging        | 1 |  1.2
Short Blades   | 1 |  1.2
Shields        | 4 |  4.0
Invocations    | 1 |  1.0
Evocations     | |  0.1

Action                     |  1- 3 |  4- 6 || total
---------------------------+-------+-------++-------
  Melee: War axe           |    73 |       ||    73
         Long sword        |    41 |    77 ||   118
         Dagger            |       |   138 ||   138
  Throw: Stone             |       |    11 ||    11
         Dart              |       |     1 ||     1
    Use: Scroll            |     2 |     1 ||     3
         Potion            |     1 |       ||     1
   Stab: Sleeping          |       |     3 ||     3
 Armour: Scale mail        |    69 |   107 ||   176
  Dodge: Dodged            |    30 |    58 ||    88
  Block: Buckler           |     8 |       ||     8
         Tower shield      |    65 |   190 ||   255
